 Dungeon Crawl Stone Soup version 0.27-a0-1500-g450c7e4133 (webtiles) character file.

Game seed: 4273118973168739981

79 raph the Digger (level 4, -1/24 HPs)
             Began as a Gargoyle Earth Elementalist on July 7, 2021.
             Was a Believer of Elyvilon.
             Slain by a wyvern zombie (6 damage)
             ... on level 3 of the Dungeon.
             The game lasted 00:05:39 (2725 turns).

raph the Digger (Gargoyle Earth Elementalist)       Turns: 2725, Time: 00:05:40

Health: -1/24      AC:  7    Str: 11    XL:     4   Next: 38%
Magic:  3/7        EV: 11    Int: 17    God:    Elyvilon [**....]
Gold:   129        SH:  0    Dex: 10    Spells: 1/7 levels left

rFire    . . .     SeeInvis .   a - +1 mace
rCold    . . .     Faith    .   (no shield)
rNeg     + . .     Spirit   .   b - +1 robe
rPois    ∞         Reflect  .   (no helmet)
rElec    +         Harm     .   d - +0 cloak
rCorr    .         Rampage  .   (no gloves)
Will     .....                  (no boots)
Stlth    ++........             (no amulet)
HPRegen  0.08/turn              (no ring)
MPRegen  0.10/turn              (no ring)

@: no status effects
A: sickness immunity, AC +3, negative energy resistance 1, electricity
resistance, torment resistance 1, petrification resistance
a: Renounce Religion, Lesser Healing, Heal Other, Divine Protection


You were on level 3 of the Dungeon.
You worshipped Elyvilon.
Elyvilon was pleased with you.
You visited 1 branch of the dungeon, and saw 3 of its levels.

You collected 181 gold pieces.
You spent 52 gold pieces at shops.

Inventory:

Hand Weapons
 a - a +1 mace (weapon)
Missiles
 m - 2 boomerangs of dispersal
Armour
 b - a +1 robe (worn)
 d - a +0 cloak (worn)
Scrolls
 c - 2 scrolls of identify
 f - a scroll of fear {unknown}
 g - a scroll of holy word
 h - 2 scrolls of acquirement {unknown}
 n - a scroll of teleportation {unknown}
Potions
 e - 3 potions of lignification {unknown}
 i - 3 potions of curing {unknown}
 j - a potion of cancellation {unknown}
 k - a potion of heal wounds {unknown}
 l - a potion of ambrosia {unknown}


   Skills:
 - Level 1.5 Dodging
 - Level 2.1 Stealth
 - Level 2.0 Spellcasting
 + Level 0.6 Conjurations
 - Level 0.7 Transmutations
 + Level 6.0 Earth Magic


You had one spell level left.
You knew the following spells:

 Your Spells              Type           Power      Damage    Failure   Level
a - Sandblast             Erth           44%        2d11      1%          1
b - Passwall              Tmut/Erth      10%        N/A       8%          2
c - Stone Arrow           Conj/Erth      26%        3d8       14%         3

Your spell library contained the following spells:

 Spells                   Type           Power      Damage    Failure   Level
 Petrify                  Tmut/Erth      13%        N/A       43%         4


Dungeon Overview and Level Annotations

Branches:
Dungeon (3/15)

Altars:
Elyvilon

Shops:
D:1 :*:


Innate Abilities, Weirdness & Mutations

You are immune to sickness and miasma.
Your stone body is resilient. (AC +3)
You are immune to poison.
You resist negative energy. (rN+)
You are resistant to electric shocks. (rElec)
You are resistant to unholy torment.
You are immune to petrification.


Message History

The wyvern zombie is moderately damaged.
The wyvern zombie bites you but does no damage.
You hit the wyvern zombie.
The wyvern zombie is moderately damaged.
The wyvern zombie misses you. The wyvern zombie closely misses you.
You sock the wyvern zombie!
The wyvern zombie is heavily damaged.
The wyvern zombie closely misses you.
The wyvern zombie completely misses you.
You hit the wyvern zombie.
The wyvern zombie is severely damaged.
The wyvern zombie bites you.
The wyvern zombie bites you but does no damage.
You barely miss the wyvern zombie.
The wyvern zombie is severely damaged.
The wyvern zombie closely misses you.
You hit the wyvern zombie.
The wyvern zombie is severely damaged.
The wyvern zombie bites you but does no damage.
The wyvern zombie bites you.
Your magical contamination has completely faded away.
You barely miss the wyvern zombie.
The wyvern zombie is severely damaged.
The wyvern zombie bites you!
* * * LOW HITPOINT WARNING * * *
The wyvern zombie bites you but does no damage.
You are too injured to fight recklessly!
You are too injured to fight recklessly!
You are too injured to fight recklessly!
You are too injured to fight recklessly!
You are too injured to fight recklessly!
You are too injured to fight recklessly!
You are too injured to fight recklessly!
You hit the wyvern zombie.
The wyvern zombie is severely damaged.
The wyvern zombie barely misses you. The wyvern zombie closely misses you.
The wyvern zombie closely misses you. The wyvern zombie misses you.
The wyvern zombie bites you.
You die...

#.#.#.# #.#...# #.#...#
#.#...# ############.#...# .
#.........##.#...# ##.#
#.........##.#...# .....
#............#.#Z#......
#............#.#@.......
#............#.#....####
#............#.#....#
######.......#.#.#..# .#
#.....).....#.#..#########.###
#...........#.#.>##..........#
#...[.......#.#..............#
#...........#.#..............#
#...........#.#..............


You could see a wyvern zombie.

Vanquished Creatures
  A gnoll (D:2)
  2 adders (D:2)
  4 dart slugs
  An orc (D:3)
  4 endoplasms
  A giant cockroach (D:1)
  4 goblins
  4 hobgoblins
  4 jackals (D:2)
  5 kobolds
  2 quokkas
  2 bats
  5 frilled lizards
  3 rats
42 creatures vanquished.

Vanquished Creatures (others)
  A rat (D:2)
1 creature vanquished.

Grand Total: 43 creatures vanquished

Notes
Turn   | Place    | Note
-------+----------+-------------------------------------------
     0 | D:1      | raph the Gargoyle Earth Elementalist began the quest for
                  | the Orb.
     0 | D:1      | Reached XP level 1. HP: 10/10 MP: 3/3
    51 | D:1      | Found a faded altar of an unknown god.
    58 | D:1      | Reached skill level 4 in Earth Magic
    80 | D:1      | Found Fougereu's Assorted Antiques.
    82 | D:1      | Became a worshipper of Elyvilon the Healer
    82 | D:1      | Reached * piety under Elyvilon
   110 | D:1      | Bought a scroll labelled TUXELUILINK for 26 gold pieces
   110 | D:1      | Bought a scroll labelled NYHOJUOMEY for 26 gold pieces
   158 | D:1      | Reached XP level 2. HP: 4/15 MP: 0/5
   535 | D:1      | Learned a level 2 spell: Passwall
   577 | D:1      | You fall into a shaft and drop 1 floor!
   722 | D:1      | Found Fidyj's Book Boutique.
   949 | D:1      | Found Qosod's Book Shop.
  1096 | D:1      | Reached ** piety under Elyvilon
  1179 | D:2      | Reached XP level 3. HP: 18/19 MP: 3/6
  1180 | D:2      | Reached skill level 5 in Earth Magic
  1770 | D:2      | Reached XP level 4. HP: 10/24 MP: 4/7
  2132 | D:1      | Learned a level 3 spell: Stone Arrow
  2318 | D:2      | Reached skill level 6 in Earth Magic
  2725 | D:3      | Slain by a wyvern zombie

Illustrated notes

Levels and vault maps discovered:
D:1:      lightli_arrival_isolated_outpost, layout_loops_ring, serial_shops,
          shop_coins, nicolae_square_shop, shop_statue,
          ebering_ecumenical_altar_rust
D:2:      layout_basic
D:3:      layout_basic, serial_park_tiny_2, uniq_ijyb

Skill      XL: |  1  2  3  4 |
---------------+-------------+-----
Earth Magic    | 4 5 6 |  6.0
Dodging        | |  1.5
Stealth        | |  2.1
Spellcasting   | |  2.0
Conjurations   | |  0.6
Transmutations | |  0.7

Action                   |  1- 3 |  4- 6 || total
-------------------------+-------+-------++-------
Melee: Mace              |    55 |    10 ||    65
 Cast: Sandblast         |    35 |       ||    35
       Stone Arrow       |       |     5 ||     5
       Passwall          |       |     1 ||     1
Invok: Lesser Healing    |     1 |       ||     1
       Heal Other        |     1 |       ||     1
  Use: Scroll            |     3 |       ||     3
 Stab: Sleeping          |     1 |     1 ||     2
       Distracted        |     1 |       ||     1
Armor: Robe              |    40 |     5 ||    45
Dodge: Dodged            |    54 |    13 ||    67

Table legend: (Time is in decaauts)
 A = Elapsed time spent in this place.
 B = Non-inter-level travel time spent in this place.
 C = Inter-level travel time spent in this place.
 D = Time resting spent in this place.
 E = Time spent auto-exploring this place.
 F = Levels seen in this place.
 G = Mean time per level.
                   A        B        C        D        E       F      G
               +--------+--------+--------+--------+--------+-----+--------+
         Total |   2759 |   2626 |    133 |   1063 |   1061 |   3 |  919.7 |
       Dungeon |   2759 |   2626 |    133 |   1063 |   1061 |   3 |  919.7 |
               +--------+--------+--------+--------+--------+-----+--------+

Top non-repeatable levels by time:
     D:1: 1382 daAuts
     D:2: 1077 daAuts
     D:3: 300 daAuts
